[Event "Titled Tuesday Blitz June 13 Late 2023"]
[White "Sanal, Vahap"]
[Black "Bazeev, German"]
[WhiteFideId "6300545"]
[BlackFideId "24119350"]
[WhiteElo "2606"]
[BlackElo "2466"]
[Result "1/2-1/2"]
[Round "4"]
[TimeControl "180+2"]
[Date "2023.06.13"]
[WhiteClock "0:00:08"]
[BlackClock "0:00:15"]
[Board "12"]

1. Nf3 Nf6 2. b3 d5 3. Bb2 c6 4. g3 Bg4 5. Bg2 Nbd7 6. O-O Bxf3 7. Bxf3 e5 8. Bg2 h5 9. h3 h4 10. g4 Bd6 11. e3 Qe7 12. c4 dxc4 13. bxc4 e4 14. Qc2 Nc5 15. Bxf6 gxf6 16. Nc3 f5 17. gxf5 Rg8 18. f4 O-O-O 19. Kh1 Rde8 20. Rf2 Qf6 21. Rg1 Qxf5 22. Bf1 Qe6 23. Qd1 Rxg1+ 24. Kxg1 Rg8+ 25. Rg2 Rxg2+ 26. Bxg2 f5 27. Bf1 Qg6+ 28. Kh1 Be7 29. Na4 Nd7 30. Be2 Qg3 31. Qf1 Bb4 32. Qg2 Qxg2+ 33. Kxg2 Bxd2 34. Kf2 Nf6 35. Nc5 Ne8 36. Ne6 Kd7 37. Nc5+ Ke7 38. Nxb7 Bb4 39. Bh5 Ng7 40. Bg6 Ba3 41. c5 Bb4 42. Ke2 Kf6 43. Bh7 Ne6 44. Nd6 Ng7 45. Nb7 Ne6 46. Nd6 Ng7 47. Nc4 Bxc5 48. Ne5 Bb6 49. Nxc6 Nh5 50. Kd2 Ng3 51. Ne5 Ba5+ 52. Kc2 Bc7 53. Nd7+ Ke6 54. Nc5+ Kd5 55. Nb3 Bb6 56. Kd2 Nf1+ 57. Ke2 Nxe3 58. Nd2 Ke6 59. a4 Ng2 60. Nc4 Nxf4+ 61. Kd2 Bd4 62. a5 Nd5 63. Bg8+ Kf6 64. Bxd5 Bc5 65. a6 Kg5 66. Ke2 Kf4 67. Na5 Kg3 68. Nc6 Kxh3 69. Be6 Kg4 70. Ne5+ Kg3 71. Bxf5 h3 72. Bxe4 Kf4 73. Bb7 Kxe5 74. Kf3 h2 75. Kg2 Bg1 76. Kh1 Kd6 77. Kg2 Kc7 78. Kh1 Kb8 79. Kg2 Kc7 80. Kh1 Kb8 81. Kg2 Kc7 1/2-1/2


[Site "https://www.chess.com"]

[Event "Titled Tuesday Blitz June 13 Late 2023"]
[White "Rasulov, Vugar"]
[Black "Najer, Evgeniy"]
[WhiteFideId "13402390"]
[BlackFideId "4118987"]
[WhiteElo "2509"]
[BlackElo "2545"]
[Result "1-0"]
[Round "4"]
[TimeControl "180+2"]
[Date "2023.06.13"]
[WhiteClock "0:00:12"]
[BlackClock "0:00:00"]
[Board "13"]

1. Nf3 d5 2. e3 c5 3. d4 Nc6 4. c3 e6 5. Bd3 Nf6 6. O-O Bd6 7. dxc5 Bxc5 8. Nbd2 O-O 9. e4 h6 10. Qe2 Qc7 11. b4 Bb6 12. Bb2 Re8 13. a4 a6 14. a5 Ba7 15. Rae1 e5 16. exd5 Nxd5 17. Qe4 Nf6 18. Qh4 Bg4 19. h3 Rad8 20. Bb1 Bh5 21. Ne4 Nxe4 22. Bxe4 Bxf3 23. Bxf3 Rd2 24. Re2 Qd8 25. Qxd8 Rexd8 26. Bc1 Rxe2 27. Bxe2 e4 28. Rd1 Rxd1+ 29. Bxd1 Kf8 30. Kf1 Ke7 31. Bc2 f5 32. g4 Ne5 33. gxf5 Nd3 34. Be3 Bxe3 35. fxe3 Kf6 36. Bxd3 exd3 37. e4 Ke5 38. Ke1 Kxe4 39. Kd2 Kxf5 40. Kxd3 g5 41. Kd4 h5 42. c4 g4 43. hxg4+ Kxg4 44. b5 h4 45. c5 axb5 46. a6 h3 47. axb7 h2 48. b8=Q h1=Q 49. Qg8+ Kf5 50. Qf7+ Kg4 51. Qe6+ Kf4 52. Qe5+ Kg4 53. Qe4+ Qxe4+ 54. Kxe4 b4 55. c6 b3 56. Kd3 1-0


[Site "https://www.chess.com"]

[Event "Titled Tuesday Blitz June 13 Late 2023"]
[White "Demidov, Mikhail"]
[Black "Gadimbayli, Abdulla"]
[WhiteFideId "4197143"]
[BlackFideId "13404938"]
[WhiteElo "2500"]
[BlackElo "2386"]
[Result "1/2-1/2"]
[Round "4"]
[TimeControl "180+2"]
[Date "2023.06.13"]
[WhiteClock "0:00:08"]
[BlackClock "0:00:05"]
[Board "14"]

1. Nf3 d5 2. d4 Nc6 3. Bf4 Nf6 4. e3 Nh5 5. Bb5 Nxf4 6. exf4 Bg4 7. h3 Bxf3 8. Qxf3 Qd6 9. c3 a6 10. Bd3 e6 11. Nd2 g6 12. h4 h5 13. g3 Qd7 14. Kf1 Bd6 15. Kg2 Ne7 16. Rhe1 O-O-O 17. b4 Nf5 18. a4 f6 19. Qe2 Rde8 20. Nf3 Re7 21. Qc2 Rhe8 22. Re2 e5 23. fxe5 fxe5 24. dxe5 Bxe5 25. Bxf5 gxf5 26. Rae1 Bf6 27. Rxe7 Rxe7 28. Rxe7 Bxe7 29. Nd4 Bf6 30. Qxf5 Qxf5 31. Nxf5 Bxc3 32. Ne7+ Kd7 33. Nxd5 Bd2 34. b5 axb5 35. axb5 c6 36. bxc6+ Kxc6 37. Nf6 b5 38. Kf3 b4 39. Ke2 Bc3 40. Nxh5 b3 41. Kd1 Be1 42. f4 Kd5 43. f5 Bc3 44. Kc1 Ke4 45. g4 Kf3 46. f6 Kxg4 47. f7 Bb4 48. Nf6+ Kxh4 49. Nd5 Bf8 50. Kb2 Kg5 51. Nc7 Kg6 52. Kxb3 Kxf7 1/2-1/2


[Site "https://www.chess.com"]

[Event "Titled Tuesday Blitz June 13 Late 2023"]
[White "Erdogmus, Yagiz Kaan"]
[Black "Zhigalko, Sergei"]
[WhiteFideId "44599790"]
[BlackFideId "13502956"]
[WhiteElo "2359"]
[BlackElo "2626"]
[Result "1-0"]
[Round "4"]
[TimeControl "180+2"]
[Date "2023.06.13"]
[WhiteClock "0:00:09"]
[BlackClock "0:00:00"]
[Board "15"]

1. e4 c5 2. Nf3 Nc6 3. d4 cxd4 4. Nxd4 Nf6 5. Nc3 e5 6. Ndb5 d6 7. Bg5 a6 8. Na3 b5 9. Nd5 Be7 10. Bxf6 Bxf6 11. c4 b4 12. Nc2 O-O 13. Ncxb4 Nxb4 14. Nxb4 Qb6 15. Qd2 Rb8 16. Nd3 Qd4 17. f3 Be6 18. Rd1 Bxc4 19. b3 Be6 20. Nf2 Qa7 21. Be2 Rfd8 22. Qa5 Bg5 23. O-O Be3 24. Bd3 d5 25. exd5 Bxd5 26. Bxh7+ Kxh7 27. Rxd5 Bb6 28. Qd2 Rxd5 29. Qxd5 Rd8 30. Qe4+ Kg8 31. Qe2 Be3 32. Re1 Bd4 33. Kf1 Rc8 34. Nd3 f6 35. Rc1 Rd8 36. Nb4 Qf7 37. Qc4 a5 38. Nc6 Ra8 39. Nxd4 exd4 40. Qxf7+ Kxf7 41. Rc4 Rd8 42. Ke2 Rd5 43. Kd3 Rg5 44. g4 Re5 45. Rxd4 Re1 46. Ra4 Rh1 47. Rxa5 Rxh2 48. b4 Rb2 49. a3 Rb3+ 50. Ke4 g5 51. f4 gxf4 52. Kxf4 Kg6 53. Ra6 Rb1 54. Ra5 Rf1+ 55. Kg3 Rg1+ 56. Kf3 Rf1+ 57. Kg2 Rb1 58. b5 Kg5 59. b6+ Kxg4 60. Ra4+ Kf5 61. Rb4 Ra1 62. b7 Ra2+ 63. Kf1 Rxa3 64. b8=Q 1-0


[Site "https://www.chess.com"]

[Event "Titled Tuesday Blitz June 13 Late 2023"]
[White "Simonian, Hrair"]
[Black "Kovalev, Vladislav"]
[WhiteFideId "13302337"]
[BlackFideId "13504398"]
[WhiteElo "2447"]
[BlackElo "2555"]
[Result "1/2-1/2"]
[Round "4"]
[TimeControl "180+2"]
[Date "2023.06.13"]
[WhiteClock "0:02:04"]
[BlackClock "0:00:28"]
[Board "16"]

1. e4 e5 2. Nf3 Nc6 3. Bb5 a6 4. Ba4 Nf6 5. O-O Be7 6. Bxc6 dxc6 7. d3 Nd7 8. Nbd2 O-O 9. Nc4 f6 10. Nh4 Nc5 11. Nf5 Bxf5 12. exf5 Qd7 13. Qf3 a5 14. Be3 a4 15. Nd2 Qd5 16. Ne4 Nxe4 17. Qxe4 Rfd8 18. f3 Bc5 19. Bf2 Bxf2+ 20. Rxf2 Qd4 21. Qxd4 Rxd4 22. Re1 Rb4 23. b3 axb3 24. axb3 Rf4 25. g4 h5 26. h3 Ra2 27. Re4 h4 28. Rxf4 exf4 29. Re2 Kf7 30. Kf2 c5 31. Kg2 b6 32. Kf2 Rb2 33. Kg2 Rb1 34. Kf2 Rc1 35. Kg2 Ra1 36. Kf2 Ra2 37. Kg2 Ra8 38. Kf2 Ra2 39. Kg2 Ra1 40. Kf2 Rc1 41. Kg2 Kf8 42. Kf2 Kf7 1/2-1/2


[Site "https://www.chess.com"]

[Event "Titled Tuesday Blitz June 13 Late 2023"]
[White "Zochowski, Kacper"]
[Black "Aravindh, Chithambaram VR."]
[WhiteFideId "1125494"]
[BlackFideId "5072786"]
[WhiteElo "2235"]
[BlackElo "2596"]
[Result "0-1"]
[Round "4"]
[TimeControl "180+2"]
[Date "2023.06.13"]
[WhiteClock "0:00:12"]
[BlackClock "0:00:45"]
[Board "17"]

1. Nf3 d5 2. c4 dxc4 3. e3 Nf6 4. Bxc4 e6 5. O-O a6 6. Qe2 b5 7. Bb3 Bb7 8. d4 Nbd7 9. Rd1 Bd6 10. Nc3 b4 11. Nb1 Qe7 12. Nbd2 c5 13. e4 Bc7 14. Ba4 O-O 15. Bxd7 Nxd7 16. Nc4 cxd4 17. Nxd4 Rac8 18. Nf3 h6 19. b3 a5 20. Bb2 Ba6 21. Qd2 Rfd8 22. Rac1 Nb6 23. Qe3 Rxd1+ 24. Rxd1 Bxc4 25. Bd4 Nd5 26. exd5 Bxd5 27. Rc1 Bxf3 28. gxf3 Bxh2+ 29. Kxh2 Rxc1 30. Qxc1 Qh4+ 31. Kg2 Qxd4 32. Qc8+ Kh7 33. Qc7 Qf6 34. Qxa5 Qg5+ 35. Kf1 Qxa5 0-1


[Site "https://www.chess.com"]

[Event "Titled Tuesday Blitz June 13 Late 2023"]
[White "Caruana, Fabiano"]
[Black "Gokerkan, Cem Kaan"]
[WhiteFideId "2020009"]
[BlackFideId "6336760"]
[WhiteElo "2832"]
[BlackElo "2365"]
[Result "0-1"]
[Round "4"]
[TimeControl "180+2"]
[Date "2023.06.13"]
[WhiteClock "0:00:05"]
[BlackClock "0:00:04"]
[Board "18"]

1. e4 c5 2. Nf3 d6 3. d4 cxd4 4. Nxd4 Nf6 5. Nc3 e5 6. Bb5+ Nbd7 7. Nf5 a6 8. Bxd7+ Qxd7 9. Ne3 Be7 10. Ned5 Nxd5 11. Nxd5 Bd8 12. Be3 O-O 13. a4 Qc6 14. Bb6 Kh8 15. Bxd8 Rxd8 16. O-O Be6 17. Nc3 d5 18. exd5 Bxd5 19. Qg4 Be6 20. Qg3 f6 21. Rad1 h6 22. Qe3 b5 23. axb5 axb5 24. Rxd8+ Rxd8 25. h3 b4 26. Ne4 Qxc2 27. Qb6 Rd1 28. Rxd1 Qxd1+ 29. Kh2 Qd4 30. Qb8+ Kh7 31. Qb7 Kg6 32. Ng3 Qxf2 33. Qe4+ Kf7 34. Qb7+ Kg8 35. Qa8+ Kh7 36. Qe4+ Kh8 37. Qa8+ Bg8 38. Qb7 Qf4 39. Qc8 h5 40. Qe8 g6 41. Qxg6 h4 42. Qh5+ Kg7 43. Qxh4 Qxh4 44. Nf5+ Kg6 45. Nxh4+ Kg5 46. Kg3 e4 47. Nf3+ exf3 48. Kxf3 Bd5+ 49. Kf2 Kf4 50. g3+ Ke4 51. Ke2 Be6 52. g4 b3 53. Kd2 Kf3 54. Kc3 Kg3 0-1


[Site "https://www.chess.com"]

[Event "Titled Tuesday Blitz June 13 Late 2023"]
[White "Firouzja, Alireza"]
[Black "Kosakowski, Jakub"]
[WhiteFideId "12573981"]
[BlackFideId "1185080"]
[WhiteElo "2896"]
[BlackElo "2488"]
[Result "1-0"]
[Round "4"]
[TimeControl "180+2"]
[Date "2023.06.13"]
[WhiteClock "0:00:43"]
[BlackClock "0:00:42"]
[Board "19"]

1. d4 d5 2. Bg5 h6 3. Bh4 c5 4. dxc5 Nc6 5. c3 a5 6. e4 dxe4 7. Qxd8+ Nxd8 8. Nd2 Bf5 9. Bb5+ Nc6 10. Ne2 e5 11. Ng3 Bd7 12. Ngxe4 f5 13. O-O-O fxe4 14. Nxe4 Be7 15. Nd6+ Bxd6 16. Rxd6 g5 17. Bg3 Nge7 18. Rhd1 O-O-O 19. Bc4 Nf5 20. Rxd7 Nxg3 21. Rxd8+ Nxd8 22. hxg3 Rf8 23. f3 Kc7 24. Rd6 g4 25. fxg4 Rf2 26. Bd5 Nf7 27. Rb6 Nd8 28. Rxh6 1-0


[Site "https://www.chess.com"]

[Event "Titled Tuesday Blitz June 13 Late 2023"]
[White "Sarana, Alexey"]
[Black "Harsh Suresh"]
[WhiteFideId "24133795"]
[BlackFideId "45018464"]
[WhiteElo "2714"]
[BlackElo "2209"]
[Result "1-0"]
[Round "4"]
[TimeControl "180+2"]
[Date "2023.06.13"]
[WhiteClock "0:00:29"]
[BlackClock "0:00:07"]
[Board "20"]

1. c4 Nf6 2. Nc3 e5 3. Nf3 Nc6 4. g3 Bb4 5. Nd5 Bc5 6. Bg2 d6 7. O-O O-O 8. e3 Bg4 9. h3 Bxf3 10. Qxf3 Re8 11. Nxf6+ Qxf6 12. Qxf6 gxf6 13. Be4 Rab8 14. a3 a5 15. b3 Ne7 16. g4 b5 17. d3 bxc4 18. bxc4 a4 19. Rd1 d5 20. cxd5 Bd6 21. Ra2 Rb3 22. Rc2 Reb8 23. Rc4 Rb1 24. Rxa4 Ra1 25. d4 Rb3 26. Kg2 exd4 27. Raxd4 Ng6 28. Bc2 Nh4+ 29. Kf1 Rb8 30. a4 Nf3 31. Rc4 Ne5 32. Rc3 Nd7 33. Bd2 Ra2 34. Be1 Be5 35. Rc6 Rbb2 36. Bf5 Nb6 37. a5 Na4 38. Bb1 Ra1 39. Bxh7+ Kxh7 40. Rxa1 Rxf2+ 41. Kxf2 1-0


[Site "https://www.chess.com"]

[Event "Titled Tuesday Blitz June 13 Late 2023"]
[White "Deac, Bogdan-Daniel"]
[Black "Kushko, Dmitriy"]
[WhiteFideId "1226380"]
[BlackFideId "14162261"]
[WhiteElo "2644"]
[BlackElo "2230"]
[Result "1-0"]
[Round "4"]
[TimeControl "180+2"]
[Date "2023.06.13"]
[WhiteClock "0:00:04"]
[BlackClock "0:00:02"]
[Board "21"]

1. b3 e5 2. Bb2 d6 3. e3 Nd7 4. Ne2 g6 5. c4 Bg7 6. Nbc3 Ne7 7. d3 O-O 8. g3 f5 9. Bg2 Nf6 10. h3 c6 11. f4 Be6 12. O-O Nd7 13. Qd2 Kh8 14. Rad1 d5 15. cxd5 Nxd5 16. Nxd5 Bxd5 17. e4 Be6 18. fxe5 fxe4 19. Rxf8+ Qxf8 20. d4 Bh6 21. Qc3 Nb6 22. Rf1 Qe7 23. Bc1 Nd5 24. Qe1 Ne3 25. Bxe3 Bxe3+ 26. Kh2 Bd5 27. Qc3 Bh6 28. Qc2 Rf8 29. Nf4 Bxf4 30. gxf4 Qh4 31. Qd2 Qh5 32. Qe3 Qf5 33. Kg3 h5 34. Kh2 Kh7 35. Kg1 Kg7 36. Qg3 Kh7 37. h4 e3 38. Qxe3 Qg4 39. Rf2 Qxh4 40. Bxd5 cxd5 41. Qf3 Qd8 42. Qg3 Qd7 43. Rg2 Qf5 44. Qg5 Qxg5 45. fxg5 Kg7 46. Rc2 Rf4 47. Rc7+ Kg8 48. Rxb7 Rxd4 49. e6 Re4 50. e7 Kf7 51. Rxa7 Rxe7 52. Ra5 Re5 53. Ra7+ Ke6 54. b4 Rxg5+ 55. Kh2 h4 56. b5 Rg3 57. b6 Rg4 58. a3 Rb4 59. axb4 1-0


[Site "https://www.chess.com"]

[Event "Titled Tuesday Blitz June 13 Late 2023"]
[White "Perez Ponsa, Federico"]
[Black "Sviridov, Valery"]
[WhiteFideId "117927"]
[BlackFideId "4120680"]
[WhiteElo "2590"]
[BlackElo "2457"]
[Result "0-1"]
[Round "4"]
[TimeControl "180+2"]
[Date "2023.06.13"]
[WhiteClock "0:00:29"]
[BlackClock "0:02:21"]
[Board "22"]

1. e4 Nf6 2. e5 Nd5 3. d4 d6 4. Nf3 dxe5 5. Nxe5 c6 6. Be2 Nd7 7. Nf3 N7f6 8. c4 Nb6 9. Nc3 Bg4 10. b3 e6 11. O-O Bb4 12. Bb2 O-O 13. h3 Bh5 14. Ne5 Bxe2 15. Qxe2 Qc7 16. Rad1 Rad8 17. Rd3 Nbd7 18. Rfd1 Be7 19. h4 Nxe5 20. dxe5 Rxd3 21. Rxd3 Nd7 22. f4 Nc5 23. Rh3 Rd8 24. h5 Qd7 25. h6 g6 26. Ne4 Qd1+ 27. Kf2 Qxe2+ 28. Kxe2 Nxe4 0-1


[Site "https://www.chess.com"]

[Event "Titled Tuesday Blitz June 13 Late 2023"]
[White "Anton Guijarro, David"]
[Black "Fernandez Guillen, Ernesto J."]
[WhiteFideId "2285525"]
[BlackFideId "3512428"]
[WhiteElo "2618"]
[BlackElo "2434"]
[Result "1-0"]
[Round "4"]
[TimeControl "180+2"]
[Date "2023.06.13"]
[WhiteClock "0:00:46"]
[BlackClock "0:00:14"]
[Board "23"]

1. Nf3 Nf6 2. b3 b6 3. Bb2 Bb7 4. g3 e6 5. Bg2 Be7 6. O-O O-O 7. c4 c5 8. d3 Nc6 9. e4 d6 10. Nc3 Rc8 11. Re1 a6 12. d4 cxd4 13. Nxd4 Qc7 14. Rc1 Qb8 15. Nc2 Rfd8 16. Ne3 Ba8 17. g4 b5 18. g5 Ne8 19. f4 d5 20. cxd5 Qxf4 21. Qg4 Qxg4 22. Nxg4 Nb4 23. Rcd1 Bxg5 24. a3 Nc2 25. Re2 Nxa3 26. Ne5 b4 27. Na4 Bf6 28. Nb6 Rb8 29. Nxa8 Rxa8 30. Nc6 Rd7 31. e5 Bg5 32. d6 Rc8 33. Nxb4 Nb5 34. Bc6 Rxc6 35. Nxc6 Kf8 36. Nb8 Rb7 37. Nxa6 Bd8 38. Nc5 Ra7 39. Ra1 Rxa1+ 40. Bxa1 Bb6 41. b4 f6 42. Kg2 Kf7 43. d7 1-0


[Site "https://www.chess.com"]

[Event "Titled Tuesday Blitz June 13 Late 2023"]
[White "Ibarra Jerez, Jose Carlos"]
[Black "Bryakin, Mikhail"]
[WhiteFideId "2226332"]
[BlackFideId "4165314"]
[WhiteElo "2631"]
[BlackElo "2464"]
[Result "0-1"]
[Round "4"]
[TimeControl "180+2"]
[Date "2023.06.13"]
[WhiteClock "0:00:00"]
[BlackClock "0:00:17"]
[Board "24"]

1. e4 d5 2. exd5 Qxd5 3. Nc3 Qe5+ 4. Be2 Bg4 5. f3 Bf5 6. f4 Qa5 7. Nf3 Nf6 8. Ne5 Nbd7 9. Nc4 Qa6 10. Ne3 Qe6 11. Bc4 Qc6 12. Bb5 Qe6 13. Bc4 Qc6 14. O-O Bg6 15. f5 Bh5 16. Qe1 O-O-O 17. Qh4 g5 18. Qxg5 Rg8 19. Qh4 Ne5 20. Kh1 Bh6 21. Bb5 Qc5 22. b4 Qb6 23. a4 Rd4 24. Qf2 Qd6 25. h3 a6 26. Be2 Bxe2 27. Qxe2 Rh4 28. Qf2 Rh5 29. Qe2 Rh4 30. Qf2 Rh5 31. b5 Neg4 32. Nxg4 Nxg4 33. Qg1 Qg3 34. Rf3 Rxh3+ 35. gxh3 Qxf3+ 36. Qg2 Nf2+ 0-1


[Site "https://www.chess.com"]

[Event "Titled Tuesday Blitz June 13 Late 2023"]
[White "Yanchenko, Roman"]
[Black "Bortnyk, Mykola"]
[WhiteFideId "4137329"]
[BlackFideId "14120836"]
[WhiteElo "2491"]
[BlackElo "2592"]
[Result "1-0"]
[Round "4"]
[TimeControl "180+2"]
[Date "2023.06.13"]
[WhiteClock "0:00:08"]
[BlackClock "0:00:04"]
[Board "25"]

1. d4 d5 2. Nf3 Nf6 3. c4 e6 4. Nc3 Bb4 5. Bg5 Nbd7 6. e3 h6 7. Bh4 c5 8. cxd5 exd5 9. Bd3 c4 10. Bc2 Qa5 11. Qd2 Ne4 12. Bxe4 dxe4 13. Ng1 h5 14. h3 Nb6 15. Nge2 g5 16. Bg3 h4 17. Be5 Rh6 18. Bc7 Rc6 19. Bxb6 axb6 20. O-O g4 21. hxg4 Bxg4 22. Qc2 f5 23. Nf4 Bd6 24. Ncd5 O-O-O 25. f3 Bh5 26. fxe4 Bf7 27. Nc3 Rg8 28. e5 Be8 29. Qxf5+ Bd7 30. Qh7 Re8 31. exd6 Rxd6 32. Qxh4 Qf5 33. e4 Qa5 34. Nfd5 Bc6 35. Qg3 Red8 36. Rf7 b5 37. Ne7+ Kb8 38. Nxc6+ bxc6 39. Rf6 Qc7 40. Rxd6 Rxd6 41. Rf1 b4 42. Na4 Rxd4 43. Rf8+ Kb7 44. Nc5+ Kb6 45. Rb8+ Kxc5 46. Qxc7 Rd1+ 47. Kh2 1-0


[Site "https://www.chess.com"]

[Event "Titled Tuesday Blitz June 13 Late 2023"]
[White "Tejedor Fuente, Enrique"]
[Black "Kramnik, Vladimir"]
[WhiteFideId "2299100"]
[BlackFideId "4101588"]
[WhiteElo "2496"]
[BlackElo "2703"]
[Result "1-0"]
[Round "4"]
[TimeControl "180+2"]
[Date "2023.06.13"]
[WhiteClock "0:00:01"]
[BlackClock "0:00:00"]
[Board "26"]

1. e4 c5 2. Nf3 e6 3. d4 cxd4 4. Nxd4 Nf6 5. Nc3 Nc6 6. Ndb5 d6 7. Bf4 e5 8. Bg5 a6 9. Na3 b5 10. Nd5 Be7 11. Bxf6 Bxf6 12. c3 Rb8 13. Nc2 Bg5 14. Be2 O-O 15. O-O a5 16. b4 Be6 17. a4 bxa4 18. b5 Ne7 19. Rxa4 Bxd5 20. exd5 Qb6 21. Na3 Qc5 22. Bf3 f5 23. c4 e4 24. Be2 f4 25. Bg4 f3 26. Nc2 fxg2 27. Kxg2 Bf6 28. Be6+ Kh8 29. Qg4 Ng6 30. Ne3 Be5 31. Qxe4 Rf4 32. Qc2 Rbf8 33. Nf5 R4xf5 34. Bxf5 Rxf5 35. b6 Qxb6 36. c5 Rg5+ 37. Kh1 dxc5 38. f4 Nxf4 39. Raxf4 Bxf4 40. Rxf4 Qd6 41. Qe4 h6 42. Rf5 Rxf5 43. Qxf5 a4 44. Qc8+ Kh7 45. Qf5+ Qg6 46. Qf3 Qb1+ 47. Kg2 Qc2+ 48. Kh1 Qg6 49. h3 Qc2 50. h4 1-0


[Site "https://www.chess.com"]

[Event "Titled Tuesday Blitz June 13 Late 2023"]
[White "Swiercz, Dariusz"]
[Black "Oro, Faustino"]
[WhiteFideId "1126881"]
[BlackFideId "20000197"]
[WhiteElo "2620"]
[BlackElo "1984"]
[Result "1-0"]
[Round "4"]
[TimeControl "180+2"]
[Date "2023.06.13"]
[WhiteClock "0:01:26"]
[BlackClock "0:00:01"]
[Board "27"]

1. e4 e5 2. Nf3 Nc6 3. Bb5 Nf6 4. O-O Nxe4 5. d4 Nd6 6. Bxc6 dxc6 7. dxe5 Nf5 8. Qxd8+ Kxd8 9. h3 h6 10. Nc3 Be7 11. b3 Be6 12. Ne2 Kc8 13. Nf4 Bd5 14. Nxd5 cxd5 15. g4 Nh4 16. Nxh4 Bxh4 17. f4 Re8 18. Kg2 Kd7 19. Bb2 Kc6 20. Rad1 Rad8 21. Rd3 Kb6 22. Rfd1 c6 23. Kf3 Be7 24. f5 Bf8 25. c4 Rc8 26. cxd5 cxd5 27. Rxd5 Rc2 28. R1d2 Rec8 29. Bd4+ Ka6 30. Rxc2 Rxc2 31. Rd7 f6 32. e6 Rd2 33. Bxf6 Rxa2 34. Bxg7 1-0


[Site "https://www.chess.com"]

[Event "Titled Tuesday Blitz June 13 Late 2023"]
[White "Xiong, Jeffery"]
[Black "Makridis, Dimitrios"]
[WhiteFideId "2047640"]
[BlackFideId "25864475"]
[WhiteElo "2726"]
[BlackElo "2277"]
[Result "1-0"]
[Round "4"]
[TimeControl "180+2"]
[Date "2023.06.13"]
[WhiteClock "0:01:51"]
[BlackClock "0:00:52"]
[Board "28"]

1. e4 c5 2. Nf3 Nf6 3. Nc3 d5 4. exd5 Nxd5 5. Bb5+ Bd7 6. Ne5 Nf6 7. Nxd7 Nbxd7 8. a4 a6 9. Bxd7+ Qxd7 10. a5 e6 11. O-O Bd6 12. Qe2 O-O 13. d3 Nd5 14. Bd2 Nb4 15. Be3 Qc6 16. h3 Be5 17. Rfc1 Rad8 18. Na4 Bd4 19. Bg5 f6 20. Bd2 Nd5 21. Re1 Rde8 22. Qf3 Qc7 23. c3 Be5 24. Be3 Nxe3 25. Qxe3 Bh2+ 26. Kh1 Bd6 27. Nb6 Kh8 28. Nc4 Bf4 29. Qf3 e5 30. Re2 Rd8 31. Rd1 Rd7 32. g3 Bh6 33. Rxe5 Rfd8 34. Re6 Re7 35. Rde1 Rxe6 36. Rxe6 Qd7 37. Qe4 Bc1 38. Kg2 1-0


[Site "https://www.chess.com"]

[Event "Titled Tuesday Blitz June 13 Late 2023"]
[White "Darini, Pouria"]
[Black "Pap, Gyula"]
[WhiteFideId "12502200"]
[BlackFideId "725323"]
[WhiteElo "2482"]
[BlackElo "2519"]
[Result "0-1"]
[Round "4"]
[TimeControl "180+2"]
[Date "2023.06.13"]
[WhiteClock "0:00:02"]
[BlackClock "0:00:06"]
[Board "29"]

1. e4 e5 2. Nf3 Nc6 3. Bb5 a6 4. Ba4 Nge7 5. O-O Ng6 6. c3 d5 7. exd5 Qxd5 8. d4 Bg4 9. dxe5 Bxf3 10. Qxf3 Qxf3 11. gxf3 Nxe5 12. Bf4 O-O-O 13. Bxc6 Nxc6 14. Nd2 Bd6 15. Be3 Ne5 16. Rad1 Rhe8 17. Kg2 Re6 18. Ne4 Rg6+ 19. Ng3 Rf6 20. Bg5 Rxf3 21. Bxd8 Kxd8 22. Rfe1 Rd3 23. Nf5 Kd7 24. Nxd6 cxd6 25. Rxd3 Nxd3 26. Rb1 Ke6 27. Kf3 Ke5 28. Ke3 Nf4 29. Rd1 Ne6 30. a4 f5 31. a5 g5 32. b4 g4 33. Re1 Ng5 34. f4+ gxf3 35. h4 Ne4 36. Kxf3 d5 37. Ke3 Nxc3 38. Kd3+ Ne4 39. Rc1 f4 40. Rc7 f3 41. Rf7 f2 42. Ke2 d4 43. Rxh7 d3+ 44. Kf1 d2 45. Re7+ Kd5 46. Rd7+ Nd6 47. Kxf2 d1=Q 48. Re7 Ne4+ 49. Rxe4 Kxe4 0-1


[Site "https://www.chess.com"]

[Event "Titled Tuesday Blitz June 13 Late 2023"]
[White "Saveliev, Alexei"]
[Black "Chigaev, Maksim"]
[WhiteFideId "24128546"]
[BlackFideId "4108116"]
[WhiteElo "2271"]
[BlackElo "2561"]
[Result "1-0"]
[Round "4"]
[TimeControl "180+2"]
[Date "2023.06.13"]
[WhiteClock "0:00:12"]
[BlackClock "0:00:15"]
[Board "30"]

1. c4 g6 2. Nc3 Bg7 3. d4 d6 4. e4 Nf6 5. f4 O-O 6. Nf3 c5 7. d5 e6 8. Be2 exd5 9. cxd5 Nbd7 10. e5 dxe5 11. fxe5 Ng4 12. Bg5 Qb6 13. O-O Ndxe5 14. Nxe5 Nxe5 15. Be7 Re8 16. d6 Be6 17. Nd5 Bxd5 18. Qxd5 Qxb2 19. Bc4 Qd4+ 20. Qxd4 cxd4 21. Bb5 Rxe7 22. dxe7 Nc6 23. Rae1 Re8 24. Bc4 Rxe7 25. Rxe7 Nxe7 26. Rxf7 Nc6 27. Rxb7+ Kh8 28. Rc7 Nd8 29. Rxa7 Bf6 30. Rd7 Nc6 31. Bb5 Ne5 32. Rd5 Kg7 33. a4 Ng4 34. a5 Ne3 35. Rd7+ Kh6 36. a6 Nf5 37. a7 Bg5 38. g3 Be3+ 39. Kg2 d3 40. Bxd3 Bxa7 41. Bxf5 Be3 42. Bg4 Bg5 43. h4 Bf6 44. Be6 Be5 45. Bg8 Bg7 46. Kh3 g5 47. Rd6+ Bf6 48. Rxf6+ Kg7 49. Ra6 Kxg8 50. hxg5 Kg7 51. Kg4 Kg8 52. Ra7 Kh8 53. Kh5 Kg8 54. Kh6 Kf8 55. Kxh7 Ke8 56. g6 Kd8 57. Rf7 Kc8 58. Kg7 Kb8 59. Kf6 Ka8 60. g7 Kb8 61. g8=Q# 1-0


[Site "https://www.chess.com"]

[Event "Titled Tuesday Blitz June 13 Late 2023"]
[White "Skvortsov, Andrei"]
[Black "Andreikin, Dmitry"]
[WhiteFideId "24108600"]
[BlackFideId "4158814"]
[WhiteElo "2259"]
[BlackElo "2736"]
[Result "0-1"]
[Round "4"]
[TimeControl "180+2"]
[Date "2023.06.13"]
[WhiteClock "0:00:39"]
[BlackClock "0:01:53"]
[Board "31"]

1. e4 g6 2. d4 Bg7 3. Nc3 c6 4. h3 d6 5. Nf3 Nf6 6. Bd3 O-O 7. e5 dxe5 8. dxe5 Nd5 9. Qe2 Nxc3 10. bxc3 Nd7 11. e6 Bxc3+ 12. Bd2 Bxa1 13. exd7 Bxd7 14. O-O Bf6 15. Bh6 Re8 16. Ne5 Be6 17. Rb1 Qa5 18. Ng4 Bxg4 19. hxg4 Qxa2 20. Re1 Qa5 21. Bc4 e6 22. Rd1 Rad8 23. Bd3 Bg5 24. Bxg5 Qxg5 25. Ra1 a5 26. Qe4 Rd5 27. Rb1 b5 28. g3 a4 29. Kg2 a3 30. Qb4 Ra8 31. Ra1 a2 32. Qb3 Rxd3 0-1


[Site "https://www.chess.com"]

[Event "Titled Tuesday Blitz June 13 Late 2023"]
[White "Van Foreest, Jorden"]
[Black "Omranalhosani21"]
[WhiteFideId "1039784"]
[WhiteElo "2633"]
[BlackElo "2580"]
[Result "1-0"]
[Round "4"]
[TimeControl "180+2"]
[Date "2023.06.13"]
[WhiteClock "0:02:05"]
[BlackClock "0:00:34"]
[Board "32"]

1. Nf3 c5 2. b3 Nc6 3. Bb2 d5 4. e3 Nf6 5. Bb5 Bd7 6. O-O e6 7. d4 cxd4 8. Nxd4 Nxd4 9. Bxd7+ Qxd7 10. Qxd4 Be7 11. Nd2 O-O 12. c4 a6 13. Rfd1 Rac8 14. Rac1 Rfd8 15. h3 dxc4 16. Qxd7 Rxd7 17. Nxc4 Rxd1+ 18. Rxd1 Rd8 19. Rxd8+ Bxd8 20. Kf1 Ne8 21. Ke2 f6 22. g4 Kf7 23. Kd3 e5 24. f4 exf4 25. exf4 Ke6 26. f5+ Kd5 27. Ne3+ Kc6 28. Ba3 Bc7 29. Nc2 Bd6 30. Bb2 Kd5 31. Ne3+ Kc6 32. Ke4 Nc7 33. a4 b5 34. h4 bxa4 35. bxa4 a5 36. Nc2 Na6 37. Nd4+ Kd7 38. Ne6 Nc5+ 39. Nxc5+ Bxc5 40. Bc3 Bf2 41. h5 Bb6 42. h6 gxh6 43. Bxf6 1-0


[Site "https://www.chess.com"]